 Dungeon Crawl Stone Soup version 0.28-a0-938-gbc3f381ebc (webtiles) character file.

Game seed: 18030928913625686464

7623 frimble the Carver (level 10, 0/144 HPs)
             Began as a Troll Warper on Nov 29, 2021.
             Slain by a death yak (26 damage)
             ... on level 8 of the Dungeon.
             The game lasted 00:16:40 (8348 turns).

frimble the Carver (Troll Warper)                   Turns: 8348, Time: 00:16:40

Health: 0/144      AC:  7    Str: 27    XL:     10   Next: 98%
Magic:  11/11      EV:  9    Int: 12    God:
Gold:   1137       SH:  0    Dex:  9    Spells: 4/11 levels left

rFire   . . .      SeeInvis .     - Unarmed
rCold   . . .      Faith    .   (no shield)
rNeg    . . .      Spirit   .   C - +0 troll leather armour
rPois   +          Reflect  .   (helmet restricted)
rElec   .          Harm     .   t - +0 cloak
rCorr   .          Rampage  .   (gloves unavailable)
Will    .....                   (boots unavailable)
Stlth   ..........              (no amulet)
HPRegen 1.94/turn               d - +6 ring of strength
MPRegen 0.12/turn               l - ring of poison resistance

@: mighty, berserking, slowed, studying Long Blades
A: large, unfitting armour, claws 3, regeneration 1, shaggy fur 1, tough skin 1
a: no special abilities


You were on level 8 of the Dungeon.
You visited 1 branch of the dungeon, and saw 10 of its levels.

You collected 1137 gold pieces.

Inventory:

Hand Weapons
 w - a +1 falchion
Missiles
 c - 4 boomerangs of dispersal (quivered)
 r - 14 boomerangs
 A - 5 large rocks
Armour
 h - a +0 kite shield
 t - a +0 cloak (worn)
 v - a +0 tower shield
 C - a +0 troll leather armour (worn)
Jewellery
 a - a ring of flight
 d - a +6 ring of strength (left claw)
 i - an amulet of guardian spirit
 j - a +6 ring of dexterity
 l - a ring of poison resistance (right claw)
 n - a ring of resist corrosion
Wands
 z - a wand of flame (23)
 B - a wand of polymorph (3)
Scrolls
 b - a scroll of teleportation {unknown}
 m - a scroll of fog
 o - a scroll of magic mapping
 y - 2 scrolls of noise
 E - a scroll of torment
Potions
 e - 4 potions of haste
 g - 2 potions of attraction
 k - 4 potions of curing
 p - 2 potions of might
 q - 2 potions of heal wounds
 u - 4 potions of flight


   Skills:
 - Level 5.0 Fighting
 + Level 9.9 Long Blades
 - Level 1.3 Throwing
 - Level 2.5 Armour
 - Level 2.0 Dodging
 + Level 7.3 Shields
 - Level 3.6 Unarmed Combat
 - Level 1.4 Spellcasting
 + Level 7.3 Translocations


You had 4 spell levels left.
You knew the following spells:

 Your Spells              Type           Power      Damage    Failure   Level
a - Blink                 Tloc           36%        N/A       2%          2
b - Manifold Assault      Tloc           18%        N/A       41%         5

Your spell library contained the following spells:

 Spells                   Type           Power      Damage    Failure   Level
 Gell's Gravitas          Tloc           18%        N/A       4%          3
 Lesser Beckoning         Tloc           18%        N/A       4%          3
 Teleport Other           Tloc           18%        N/A       4%          3
 Magic Dart               Conj           0%         1d3       32%         1
 Call Imp                 Summ           0%         N/A       43%         2
 Inner Flame              Hex/Fire       0%         N/A       67%         3
 Mephitic Cloud           Conj/Pois/Air  0%         N/A       67%         3
 Stone Arrow              Conj/Erth      0%         3d7       67%         3
 Animate Armour           Summ/Erth      0%         N/A       97%         4
 Cause Fear               Hex            0%         N/A       97%         4
 Hailstorm                Conj/Ice       0%         3d3       97%         4
 Ice Form                 Ice/Tmut       0%         N/A       97%         4
 Petrify                  Tmut/Erth      0%         N/A       97%         4
 Metabolic Englaciation   Hex/Ice        0%         N/A       100%        5
 Simulacrum               Ice/Necr       0%         N/A       100%        6
 Statue Form              Tmut/Erth      0%         N/A       100%        6
 Discord                  Hex            0%         N/A       100%        8
 Lehudib's Crystal Spear  Conj/Erth      0%         10d2      100%        8


Dungeon Overview and Level Annotations

Branches:
Dungeon (10/15)            Temple (0/1) D:7            Lair (0/6) D:9
    Orc: D:9-12

Altars:
Hepliaklqana

Shops:
D:2 :   D:7 =   D:10 [

Annotations:
D:9 Erica


Innate Abilities, Weirdness & Mutations

You are too large for most types of armour.
You have claws for hands.
Your natural rate of healing is unusually fast.
You are covered in fur. (AC +1)
You have tough skin. (AC +1)


Message History

The death yak is almost dead.
The death yak gores you.
You scratch the death yak.
The death yak is almost dead.
The death yak gores you!
* * * LOW HITPOINT WARNING * * *
You mangle the death yak!!
You kill the death yak!
There is an open door here.
You claw the death yak!
The death yak is lightly wounded.
You claw the death yak! Your claw misses the death yak.
The death yak is moderately wounded.
The death yak barely misses you.
You claw the death yak!
The death yak is heavily wounded.
The death yak gores you!
* * * LOW HITPOINT WARNING * * *
There is an open door here.
The kobold brigand throws a curare-tipped dart.
The curare-tipped dart hits you.
You are poisoned.
You have difficulty breathing.
You feel yourself slow down.
You completely miss the death yak.
The death yak is heavily wounded.
You feel very sick. The death yak misses you. The death yak gores you!!
* * * LOW HITPOINT WARNING * * *
You feel better. The death yak gores you!
* * * LOW HITPOINT WARNING * * *
You feel much better. The death yak gores you!
* * * LOW HITPOINT WARNING * * *
The death yak gores you but does no damage.
A red film seems to cover your vision as you go berserk!
You feel yourself moving faster!
You feel mighty! The death yak gores you!
* * * LOW HITPOINT WARNING * * *
You claw the death yak!
The death yak is severely wounded.
The death yak gores you!!
You die...

#.......................
#....####..#####....#(..
#....####..##.##..######
#..................#
#..................#
#.........<........#
#..................#
#..................#
#######@##.####...##
#....##Y##K########
#......K.#....#
#........#....#
#........'....#
#........#....#
#........#....#
#........#....#
###############


You could see a death yak and a kobold brigand.

Vanquished Creatures
  Harold (D:7)
  3 two-headed ogres
  3 death yaks
  2 trolls
  A steam dragon (D:7)
  A water moccasin (D:6)
  An ice beast (D:7)
  An orc warrior (D:8)
  A sky beast (D:7)
  A black bear (D:6)
  4 wolves (D:9)
  4 ogres
  2 centaurs (D:9)
  A phantom (D:4)
  A kobold brigand (D:8)
  A wyvern zombie (D:7)
  2 bullfrogs
  8 killer bees
  6 wights (D:7)
  2 howler monkeys (D:9)
  2 jellies
  2 orc priests (D:8)
  A hound (D:5)
  A bullfrog skeleton (D:6)
  2 iguanas
  5 orc wizards
  A killer bee zombie (D:8)
  A hound skeleton (D:4)
  A howler monkey skeleton (D:4)
  5 gnolls
  9 adders
  A white imp (D:6)
  An ufetubus (D:6)
  An adder skeleton (D:4)
  A worm (D:2)
  2 dart slugs
  25 orcs
  13 endoplasms
  7 giant cockroaches
  10 goblins
  10 hobgoblins
  8 jackals
  A quokka (D:1)
  7 ball pythons
  2 bats
  7 frilled lizards
  14 kobolds
  7 rats
193 creatures vanquished.

Vanquished Creatures (collateral kills)
  A killer bee (D:9)
1 creature vanquished.

Vanquished Creatures (others)
  A killer bee (D:9)
  An ufetubus (D:7)
  A plant (D:3)
3 creatures vanquished.

Grand Total: 197 creatures vanquished

Notes
Turn   | Place    | Note
-------+----------+-------------------------------------------
     0 | D:1      | frimble the Troll Warper began the quest for the Orb.
     0 | D:1      | Reached XP level 1. HP: 19/19 MP: 1/1
   133 | D:1      | Reached skill level 1 in Throwing
   174 | D:1      | Reached XP level 2. HP: 28/28 MP: 2/2
   463 | D:1      | Reached XP level 3. HP: 33/35 MP: 4/4
   726 | D:1      | Learned a level 2 spell: Blink
  1160 | D:2      | Reached skill level 1 in Armour
  1344 | D:2      | Reached XP level 4. HP: 42/42 MP: 5/5
  1561 | D:2      | Found Ceahoraf's Book Shop.
  2064 | D:3      | Reached XP level 5. HP: 35/49 MP: 6/6
  2590 | D:3      | Reached skill level 1 in Shields
  2662 | D:3      | Acquired 633 gold pieces
  2747 | D:4      | Noticed an ogre
  2766 | D:4      | Killed an ogre
  2767 | D:4      | Reached XP level 6. HP: 38/59 MP: 3/7
  3456 | D:4      | Reached XP level 7. HP: 67/67 MP: 8/8
  3900 | D:5      | Entered Level 5 of the Dungeon
  4438 | D:6      | Reached skill level 1 in Long Blades
  4576 | D:6      | Reached skill level 2 in Long Blades
  4781 | D:6      | Reached skill level 3 in Long Blades
  4781 | D:6      | Reached XP level 8. HP: 61/78 MP: 7/9
  5365 | D:7      | Found Mueschoc's Jewellery Shoppe.
  5429 | D:7      | Noticed Harold
  5444 | D:7      | Killed Harold
  5445 | D:7      | Reached skill level 5 in Long Blades
  5445 | D:7      | Reached XP level 9. HP: 87/87 MP: 10/10
  5591 | D:7      | Reached skill level 5 in Fighting
  5972 | D:7      | Reached skill level 5 in Translocations
  6264 | D:7      | Found a staircase to the Ecumenical Temple.
  6409 | D:8      | Reached skill level 6 in Long Blades
  6432 | D:8      | Noticed a two-headed ogre
  6480 | D:8      | Killed a two-headed ogre
  6481 | D:8      | Reached skill level 5 in Shields
  6649 | D:7      | Reached skill level 7 in Long Blades
  7050 | D:9      | Noticed a troll
  7060 | D:8      | Killed a troll
  7168 | D:9      | Noticed a troll
  7176 | D:9      | Killed a troll
  7177 | D:9      | Reached XP level 10. HP: 66/96 MP: 11/11
  7203 | D:9      | Noticed a two-headed ogre
  7309 | D:8      | Killed a two-headed ogre
  7310 | D:8      | Reached skill level 8 in Long Blades
  7637 | D:9      | Found a hazy altar of Hepliaklqana.
  7751 | D:9      | Noticed Grum
  7768 | D:9      | Noticed Grum
  7768 | D:9      | Grum changed into Grum the wolf
  7782 | D:9      | Killed Grum the wolf
  7847 | D:9      | Noticed a two-headed ogre
  7863 | D:10     | Entered Level 10 of the Dungeon
  7863 | D:10     | Noticed a two-headed ogre
  7863 | D:10     | Noticed a two-headed ogre
  7873 | D:10     | Found Meamup's Antique Armour Boutique.
  7946 | D:9      | Killed a two-headed ogre
  7947 | D:9      | Reached skill level 9 in Long Blades
  8023 | D:9      | Noticed a death yak
  8041 | D:9      | Noticed Erica
  8041 | D:9      | Noticed a death yak
  8044 | D:9      | Paralysed by something for 4 turns
  8045 | D:9      | Noticed a death yak
  8046 | D:9      | Noticed a death yak
  8047 | D:9      | Noticed a death yak
  8050 | D:9      | Noticed a death yak
  8058 | D:9      | HP: 3/96 [death yak (3)]
  8068 | D:9      | Found a staircase to the Lair.
  8206 | D:7      | Killed a death yak
  8230 | D:7      | Learned a level 5 spell: Manifold Assault
  8308 | D:8      | Killed a death yak
  8322 | D:8      | Killed a death yak
  8348 | D:8      | Slain by a death yak

Illustrated notes

Levels and vault maps discovered:
D:1:      mainiacjoe_arrival_reflecting_pool, layout_basic, corner_web_ring
D:2:      layout_loops_ring, serial_shops, nicolae_shop_trees,
          minmay_worlds_worst_comb
D:3:      layout_basic, serial_bayou_crossing
D:4:      layout_basic, minmay_manual_moon
D:5:      layout_loops_ring
D:6:      layout_basic
D:7:      layout_loops_corners, minmay_temple_entry_poolview,
          minmay_shop_enchanted_jewellery, uniq_harold
D:8:      layout_gridville
D:9:      layout_cave_pools, nicolae_hepliaklqana_hippocampus,
          dpeg_lair_monsters, uniq_erica, uniq_grum
D:10:     layout_rooms, serial_shops, shop_statue, uniq_urug

Skill      XL: |  1  2  3  4  5  6  7  8  9 10 |
---------------+-------------------------------+-----
Dodging        | 2 |  2.0
Throwing       | 1 |  1.3
Armour         | 1 2 |  2.5
Fighting       | 2 3 4 5 |  5.0
Shields        | 1 2 3 4 5 7 |  7.3
Unarmed Combat | 3 |  3.6
Translocations | 3 4 6 7 |  7.3
Long Blades    | 3 5 7 9 |  9.9
Spellcasting   | |  1.4

Action                   |  1- 3 |  4- 6 |  7- 9 | 10-12 || total
-------------------------+-------+-------+-------+-------++-------
Melee: Unarmed           |   138 |   217 |   274 |   174 ||   803
       Punch             |       |     4 |     7 |     3 ||    14
Throw: Boomerang         |       |    11 |    52 |    40 ||   103
       Throwing net      |       |       |     1 |     2 ||     3
       Large rock        |       |       |     7 |       ||     7
 Cast: Blink             |       |     1 |     5 |    13 ||    19
Evoke: Wand              |       |       |       |     4 ||     4
  Use: Scroll            |       |     3 |    11 |     4 ||    18
       Potion            |       |       |     2 |     9 ||    11
 Stab: Sleeping          |     1 |     1 |       |       ||     2
       Held in net/web   |       |       |     2 |     3 ||     5
Armor: Robe              |    44 |    55 |    64 |       ||   163
       Troll leather arm |       |       |    12 |    91 ||   103
Dodge: Dodged            |    77 |   117 |   144 |   128 ||   466

Table legend: (Time is in decaauts)
 A = Elapsed time spent in this place.
 B = Non-inter-level travel time spent in this place.
 C = Inter-level travel time spent in this place.
 D = Time resting spent in this place.
 E = Time spent auto-exploring this place.
 F = Levels seen in this place.
 G = Mean time per level.
                   A        B        C        D        E       F      G
               +--------+--------+--------+--------+--------+-----+--------+
         Total |   8336 |   7854 |    482 |     49 |   5759 |  10 |  833.6 |
       Dungeon |   8336 |   7854 |    482 |     49 |   5759 |  10 |  833.6 |
               +--------+--------+--------+--------+--------+-----+--------+

Top non-repeatable levels by time:
     D:7: 1326 daAuts
     D:4: 1097 daAuts
     D:1: 1073 daAuts
     D:8: 988 daAuts
     D:3: 953 daAuts
     D:9: 835 daAuts
     D:2: 777 daAuts
     D:6: 743 daAuts
     D:5: 528 daAuts
    D:10: 12 daAuts
